[Event "FICS rated blitz game"]
[Site "FICS freechess.org"]
[FICSGamesDBGameNo "20000719"]
[White "theprof"]
[Black "selarosa"]
[WhiteElo "1513"]
[BlackElo "1361"]
[WhiteRD "na"]
[BlackRD "na"]
[TimeControl "180+0"]
[Date "1999.05.26"]
[Time "23:43:00"]
[WhiteClock "0:03:00.000"]
[BlackClock "0:03:00.000"]
[ECO "C68"]
[PlyCount "118"]
[Result "0-1"]

1. e4 e5 2. Nf3 Nc6 3. Bb5 a6 4. Bxc6 dxc6 5. d3 Bd6 6. Nc3 Bg4 7. Bg5 f6 8. Bd2 Qd7 9. h3 Bh5 10. a3 O-O-O 11. g4 Bg6 12. Nh4 Bf7 13. Nf5 Bg6 14. Qe2 Ne7 15. Nxg7 Rhg8 16. Nf5 Bxf5 17. gxf5 Rg7 18. O-O-O Rdg8 19. Be3 c5 20. Rdf1 Nc6 21. Nd5 Nd4 22. Bxd4 cxd4 23. Nxf6 Qf7 24. Nxg8 Qxg8 25. b3 Bxa3+ 26. Kd2 Bb4+ 27. Kd1 Qf8 28. f3 Qc5 29. Kc1 Bc3 30. Qh2 Qa3+ 31. Kd1 Qa1+ 32. Ke2 Qb2 33. Rc1 a5 34. Rhg1 Rxg1 35. Qxg1 b6 36. Qg8+ Kb7 37. Qd5+ Ka6 38. Qc4+ Ka7 39. Qxc7+ Ka6 40. Qc4+ Ka7 41. Qf7+ Ka6 42. Qc4+ Ka7 43. Kd1 Qa3 44. Qc7+ Ka6 45. Qc8+ Ka7 46. Qc7+ Ka6 47. Qxh7 Qb4 48. Qh6 Bd2 49. Qxd2 Qxd2+ 50. Kxd2 b5 51. f6 Kb6 52. Rg1 Kc6 53. Rg6 Kd7 54. f7 Ke7 55. Rg7 Kf8 56. Rh7 Ke7 57. c3 Kf8 58. cxd4 exd4 59. e5 b4 {White forfeits on time} 0-1

[Event "FICS rated blitz game"]
[Site "FICS freechess.org"]
[FICSGamesDBGameNo "20000718"]
[White "MrHyde"]
[Black "Checkmail"]
[WhiteElo "1337"]
[BlackElo "1574"]
[WhiteRD "na"]
[BlackRD "na"]
[TimeControl "300+12"]
[Date "1999.05.26"]
[Time "23:15:00"]
[WhiteClock "0:05:00.000"]
[BlackClock "0:05:00.000"]
[ECO "D02"]
[PlyCount "76"]
[Result "0-1"]

1. d4 d5 2. Nf3 Nf6 3. Bf4 e6 4. e3 c5 5. c3 cxd4 6. cxd4 Bb4+ 7. Nbd2 O-O 8. a3 Ba5 9. b4 Bb6 10. Bd3 Nbd7 11. O-O Bc7 12. Bxc7 Qxc7 13. Rc1 Qb8 14. Nb3 e5 15. dxe5 Nxe5 16. Nxe5 Qxe5 17. Be2 Be6 18. Bf3 Rfc8 19. Nc5 b6 20. Nd3 Qd6 21. Qd2 Ne4 22. Qb2 g5 23. h3 f5 24. Rfd1 b5 25. Rxc8+ Rxc8 26. Rc1 Rf8 27. Qd4 Nf6 28. Qxa7 g4 29. Be2 gxh3 30. gxh3 Rf7 31. Qc5 Rg7+ 32. Kh1 Qd7 33. Ne5 Qb7 34. Qc6 Qxc6 35. Rxc6 Bd7 36. Rc7 Be8 37. Rc8 Rb7 38. f4 Kf8 {White forfeits on time} 0-1

[Event "FICS rated blitz game"]
[Site "FICS freechess.org"]
[FICSGamesDBGameNo "20000717"]
[White "Carpo"]
[Black "presov"]
[WhiteElo "1805"]
[BlackElo "1617"]
[WhiteRD "na"]
[BlackRD "na"]
[TimeControl "300+0"]
[Date "1999.05.26"]
[Time "22:09:00"]
[WhiteClock "0:05:00.000"]
[BlackClock "0:05:00.000"]
[ECO "B56"]
[PlyCount "118"]
[Result "1/2-1/2"]

1. e4 c5 2. Nf3 d6 3. d4 cxd4 4. Nxd4 Nf6 5. Nc3 a5 6. Bc4 Bd7 7. O-O e6 8. f4 Qc7 9. Bb3 Be7 10. a4 O-O 11. Kh1 Na6 12. f5 Nc5 13. fxe6 fxe6 14. Ncb5 Bxb5 15. Nxb5 Qd7 16. Bf4 Nxb3 17. cxb3 Nxe4 18. Qd4 d5 19. Rad1 Bc5 20. Qxe4 dxe4 21. Rxd7 e3 22. Nc3 e5 23. Rc7 Bd4 24. g3 exf4 25. gxf4 Bxc3 26. bxc3 Rae8 27. Rc4 e2 28. Re1 Re3 29. Kg2 g5 30. Kf2 gxf4 31. Rxf4 Rxc3 32. Rxf8+ Kxf8 33. Rxe2 Rxb3 34. Rc2 Rb4 35. Ke3 Rxa4 36. Rc8+ Kg7 37. Rc7+ Kg6 38. Rxb7 Ra2 39. Ra7 h5 40. h4 a4 41. Kf4 a3 42. Ra6+ Kh7 43. Kg5 Ra1 44. Kxh5 a2 45. Ra7+ Kg8 46. Kh6 Kf8 47. h5 Kg8 48. Rg7+ Kf8 49. Ra7 Kg8 50. Ra8+ Kf7 51. Ra7+ Kf6 52. Kh7 Rh1 53. Rxa2 Rxh5+ 54. Kg8 Rg5+ 55. Kf8 Rd5 56. Rf2+ Ke6 57. Re2+ Kf6 58. Rf2+ Kg6 59. Rg2+ Kf5 {Game drawn by mutual agreement} 1/2-1/2

[Event "FICS rated blitz game"]
[Site "FICS freechess.org"]
[FICSGamesDBGameNo "20000716"]
[White "pixel"]
[Black "thomson"]
[WhiteElo "1563"]
[BlackElo "1416"]
[WhiteRD "na"]
[BlackRD "na"]
[TimeControl "120+12"]
[Date "1999.05.26"]
[Time "19:43:00"]
[WhiteClock "0:02:00.000"]
[BlackClock "0:02:00.000"]
[ECO "B87"]
[PlyCount "50"]
[Result "0-1"]

1. e4 c5 2. Nf3 d6 3. d4 cxd4 4. Nxd4 Nf6 5. Nc3 a6 6. Bc4 e6 7. O-O b5 8. Bb3 b4 9. Na4 Nxe4 10. Qf3 d5 11. Re1 Be7 12. Rxe4 dxe4 13. Qxe4 Ra7 14. Bf4 Bb7 15. Qe5 O-O 16. Bxe6 Bf6 17. Qc5 Bxd4 18. Rd1 Bxc5 19. Rxd8 Rxd8 20. Bc4 Rd1+ 21. Bf1 Nd7 22. Nxc5 Nxc5 23. Be3 Ne4 24. Bxa7 Nd2 25. f3 Rxf1# {White checkmated} 0-1

[Event "FICS rated standard game"]
[Site "FICS freechess.org"]
[FICSGamesDBGameNo "20000715"]
[White "LitEyes"]
[Black "SlayedSoul"]
[WhiteElo "1603"]
[BlackElo "1693"]
[WhiteRD "na"]
[BlackRD "na"]
[TimeControl "1200+1"]
[Date "1999.05.26"]
[Time "16:32:00"]
[WhiteClock "0:20:00.000"]
[BlackClock "0:20:00.000"]
[ECO "C41"]
[PlyCount "121"]
[Result "1-0"]

1. e4 e5 2. Nf3 d6 3. Bc4 f6 4. O-O Ne7 5. c3 c6 6. d4 d5 7. exd5 cxd5 8. Bb3 Be6 9. dxe5 fxe5 10. Nxe5 Qd6 11. Qh5+ g6 12. Qe2 Nf5 13. Bf4 Qa6 14. Qxa6 Nxa6 15. Ba4+ Ke7 16. Bb3 Nc5 17. Bc2 Bh6 18. Bxh6 Nxh6 19. Nd2 Bf5 20. Bxf5 Nxf5 21. Rfe1 Kf6 22. Ndf3 Na4 23. Re2 g5 24. Rae1 Kg7 25. Nxg5 h6 26. Ne6+ Kf6 27. Nc7 Rac8 28. Nxd5+ Kg5 29. Nf7+ Kg6 30. Nxh8+ Rxh8 31. Ne7+ Nxe7 32. Rxe7 Kf6 33. Rxb7 Nc5 34. Rxa7 Nd3 35. Ra6+ Kg7 36. Re2 Nf4 37. Rd2 Rf8 38. Rd7+ Kg8 39. Raa7 Nh5 40. g4 Nf6 41. Rg7+ Kh8 42. Raf7 Rxf7 43. Rxf7 Ne4 44. a4 Ng5 45. Rb7 Ne6 46. a5 Nc5 47. Rb6 Na4 48. b3 Nxc3 49. a6 Nd5 50. Rd6 Nc7 51. a7 Kg8 52. Rd8+ Kf7 53. Rd7+ Ke8 54. Rxc7 Kd8 55. Rc1 h5 56. a8=Q+ Ke7 57. Qa6 Kd7 58. Rc6 Kd8 59. Rh6 Ke8 60. Qa7 Kf8 61. Rh8# {Black checkmated} 1-0

[Event "FICS rated blitz game"]
[Site "FICS freechess.org"]
[FICSGamesDBGameNo "20000714"]
[White "Moondog"]
[Black "jschach"]
[WhiteElo "1657"]
[BlackElo "1660"]
[WhiteRD "na"]
[BlackRD "na"]
[TimeControl "180+0"]
[Date "1999.05.26"]
[Time "14:14:00"]
[WhiteClock "0:03:00.000"]
[BlackClock "0:03:00.000"]
[ECO "B22"]
[PlyCount "75"]
[Result "1-0"]

1. e4 c5 2. c3 d5 3. exd5 Qxd5 4. d4 cxd4 5. cxd4 Nc6 6. Nc3 Qxd4 7. Qxd4 Nxd4 8. Bd3 a6 9. Be3 Nc6 10. Nd5 Rb8 11. O-O-O e6 12. Nc7+ Kd7 13. Bb6 Bd6 14. Be2 Nge7 15. Rd2 Nd5 16. Nxd5 exd5 17. Rxd5 Ke6 18. Bf3 Ne5 19. Rd1 Nxf3 20. Nxf3 Bf4+ 21. Kb1 f5 22. Rhe1+ Kf7 23. Ne5+ Bxe5 24. Rxe5 Be6 25. Rde1 Rhe8 26. f4 Rbc8 27. Rc1 Bxa2+ 28. Kxa2 Rxc1 29. Bd4 Rec8 30. Bc3 R8xc3 31. bxc3 Rxc3 32. Re2 Rc4 33. g3 b5 34. Rb2 Re4 35. Kb3 Re3+ 36. Kb4 Ra3 37. Rc2 Ra4+ 38. Kc5 {Black forfeits on time} 1-0

[Event "FICS rated blitz game"]
[Site "FICS freechess.org"]
[FICSGamesDBGameNo "20000713"]
[White "ESTEBITAN"]
[Black "klypp"]
[WhiteElo "1294"]
[BlackElo "1621"]
[WhiteRD "na"]
[BlackRD "na"]
[TimeControl "240+15"]
[Date "1999.05.26"]
[Time "13:39:00"]
[WhiteClock "0:04:00.000"]
[BlackClock "0:04:00.000"]
[ECO "B23"]
[PlyCount "31"]
[Result "0-1"]

1. e4 c5 2. Nc3 d6 3. g3 Nf6 4. Bg2 g6 5. Nge2 Bg7 6. d3 O-O 7. h3 Nc6 8. Be3 Bd7 9. Qd2 a6 10. a3 b5 11. O-O Rb8 12. Nd5 Nxd5 13. exd5 Ne5 14. c3 c4 15. d4 Nd3 16. Nf4 {White resigns} 0-1

[Event "FICS rated blitz game"]
[Site "FICS freechess.org"]
[FICSGamesDBGameNo "20000712"]
[White "DrChessMan"]
[Black "HandsUp"]
[WhiteElo "1300"]
[BlackElo "1389"]
[WhiteRD "na"]
[BlackRD "na"]
[TimeControl "120+12"]
[Date "1999.05.26"]
[Time "12:03:00"]
[WhiteClock "0:02:00.000"]
[BlackClock "0:02:00.000"]
[ECO "C34"]
[PlyCount "54"]
[Result "0-1"]

1. e4 e5 2. f4 exf4 3. Nf3 Nc6 4. Bc4 Bc5 5. d4 Bb4+ 6. c3 Bd6 7. O-O b6 8. e5 Be7 9. Bxf4 Bb7 10. Bd5 Na5 11. Bxb7 Nxb7 12. Nbd2 d5 13. Qe2 Qd7 14. Bg5 Bxg5 15. Nxg5 Nh6 16. Qh5 O-O 17. Rf2 c5 18. Raf1 Rac8 19. Ngf3 Ng4 20. Re2 cxd4 21. Nxd4 Nc5 22. Rf4 Nh6 23. g4 Ne6 24. Rf6 Nxd4 25. Rxh6 Nxe2+ 26. Kf2 gxh6 27. Kxe2 Qe6 {White resigns} 0-1

[Event "FICS rated blitz game"]
[Site "FICS freechess.org"]
[FICSGamesDBGameNo "20000711"]
[White "mkelem"]
[Black "Notzai"]
[WhiteElo "1670"]
[BlackElo "1776"]
[WhiteRD "na"]
[BlackRD "na"]
[TimeControl "120+12"]
[Date "1999.05.26"]
[Time "11:57:00"]
[WhiteClock "0:02:00.000"]
[BlackClock "0:02:00.000"]
[ECO "B00"]
[PlyCount "81"]
[Result "1-0"]

1. e4 Nc6 2. d4 d5 3. e5 Bf5 4. c3 e6 5. Ne2 f6 6. f4 fxe5 7. fxe5 Qh4+ 8. Ng3 Nh6 9. Bd3 Ng4 10. Bxf5 exf5 11. Qf3 Nxh2 12. Rxh2 Qxh2 13. Bf4 Qh4 14. Nd2 Be7 15. O-O-O O-O 16. Rh1 Qg4 17. Qe3 Na5 18. Qf3 Qxf3 19. gxf3 Rac8 20. b4 Nc4 21. Nxc4 dxc4 22. a4 a6 23. Rh5 g6 24. Rh2 b5 25. a5 c5 26. bxc5 Rb8 27. Bd2 Rfd8 28. Ne2 Rd7 29. Kc2 Rbd8 30. Bc1 Rb8 31. Ba3 Bd8 32. Bb4 Rg7 33. d5 Bg5 34. f4 Be7 35. d6 Bd8 36. c6 g5 37. Rg2 g4 38. Nd4 Bh4 39. Nxf5 Rf7 40. Rxg4+ Kf8 41. Nxh4 {Black resigns} 1-0

[Event "FICS rated blitz game"]
[Site "FICS freechess.org"]
[FICSGamesDBGameNo "20000710"]
[White "mgalp"]
[Black "biliboul"]
[WhiteElo "1349"]
[BlackElo "1407"]
[WhiteRD "na"]
[BlackRD "na"]
[TimeControl "120+12"]
[Date "1999.05.26"]
[Time "07:05:00"]
[WhiteClock "0:02:00.000"]
[BlackClock "0:02:00.000"]
[ECO "C02"]
[PlyCount "82"]
[Result "0-1"]

1. e4 e6 2. d4 d5 3. e5 c5 4. Nf3 Nc6 5. Bb5 Bd7 6. c3 cxd4 7. cxd4 Qb6 8. Bxc6 Bxc6 9. O-O Bb4 10. a3 Be7 11. b4 Bd8 12. Nc3 Ne7 13. Bg5 O-O 14. Qd2 Nf5 15. Bxd8 Rfxd8 16. Ne2 Bb5 17. a4 Bxe2 18. Qxe2 Nxd4 19. Nxd4 Qxd4 20. b5 Rac8 21. Rfe1 Rc4 22. Red1 Qb6 23. Rdc1 Rdc8 24. Rxc4 Rxc4 25. h3 Qa5 26. Qd1 Qb4 27. Rc1 Kf8 28. Rxc4 Qxc4 29. Kh1 Ke7 30. Kg1 d4 31. Kh1 d3 32. Qh5 h6 33. Qd1 Qc2 34. Qf3 d2 35. Qxb7+ Kd8 36. Qb8+ Qc8 37. Qd6+ Qd7 38. Qf8+ Kc7 39. Qc5+ Kb7 40. Qc6+ Qxc6 41. bxc6+ Kxc6 {White resigns} 0-1

[Event "FICS rated blitz game"]
[Site "FICS freechess.org"]
[FICSGamesDBGameNo "20000709"]
[White "Fragador"]
[Black "imaestro"]
[WhiteElo "1328"]
[BlackElo "1383"]
[WhiteRD "na"]
[BlackRD "na"]
[TimeControl "300+5"]
[Date "1999.05.26"]
[Time "04:16:00"]
[WhiteClock "0:05:00.000"]
[BlackClock "0:05:00.000"]
[ECO "C34"]
[PlyCount "157"]
[Result "1/2-1/2"]

1. e4 e5 2. f4 exf4 3. Nf3 d6 4. Bc4 Bg4 5. h3 Bxf3 6. Qxf3 Qh4+ 7. Kd1 Nf6 8. d3 g5 9. g3 Qxg3 10. Qxg3 fxg3 11. Rg1 Nh5 12. Bxg5 f6 13. Bh4 Nd7 14. Nc3 Ne5 15. Nd5 O-O-O 16. Bb3 Nf3 17. Rg2 Nxh4 18. Rg1 Nf3 19. Rf1 Ng5 20. Nxf6 Nxf6 21. Rxf6 Nxh3 22. Be6+ Kb8 23. Bxh3 Rg8 24. Ke2 Rg7 25. Rg1 Be7 26. Rf3 Rdg8 27. Be6 Rf8 28. Rfxg3 Rxg3 29. Rxg3 h6 30. Rg7 Bg5 31. Bf5 c6 32. c4 b5 33. b3 a5 34. Bd7 bxc4 35. bxc4 c5 36. Bc6 Bf4 37. Rb7+ Kc8 38. Ra7 Rf6 39. Rxa5 Kc7 40. Bd5 h5 41. Rb5 h4 42. Rb1 h3 43. Rh1 Rh6 44. a4 h2 45. a5 Kb8 46. Kf3 Be5 47. a6 Ka7 48. Bb7 Rh4 49. Kg2 Rh7 50. Rb1 Rg7+ 51. Kh3 Rg3+ 52. Kxh2 Rxd3+ 53. Kg2 Rc3 54. Bc8 Rxc4 55. Rb7+ Ka8 56. Be6 Rc2+ 57. Kf3 Rc3+ 58. Ke2 Ra3 59. Rb6 Ka7 60. Rc6 Rxa6 61. Rxa6+ Kxa6 62. Bd5 Kb6 63. Kd3 Kb5 64. Bc4+ Kb4 65. Bd5 Bg7 66. Bg8 Bc3 67. Bc4 Bd4 68. Bg8 Be5 69. Bc4 Ka5 70. Bg8 Kb6 71. Bc4 Kc7 72. Bd5 Kd7 73. Kc4 Ke7 74. Kd3 Kf6 75. Ba2 Kg5 76. Bg8 Kf4 77. Ba2 Kf3 78. Bg8 Bd4 79. Ba2 {Game drawn by mutual agreement} 1/2-1/2

[Event "FICS rated blitz game"]
[Site "FICS freechess.org"]
[FICSGamesDBGameNo "20000708"]
[White "ginap"]
[Black "karpovbert"]
[WhiteElo "1689"]
[BlackElo "1858"]
[WhiteRD "na"]
[BlackRD "na"]
[TimeControl "180+0"]
[Date "1999.05.26"]
[Time "03:56:00"]
[WhiteClock "0:03:00.000"]
[BlackClock "0:03:00.000"]
[ECO "A21"]
[PlyCount "119"]
[Result "1/2-1/2"]

1. c4 e5 2. Nc3 f5 3. d4 e4 4. e3 Nf6 5. Nge2 d6 6. Bd2 c6 7. b3 g6 8. h3 Bg7 9. g4 fxg4 10. hxg4 Bxg4 11. Qc2 Bf3 12. Rg1 Na6 13. Bg2 Nb4 14. Qb1 Nd3+ 15. Kf1 Bxg2+ 16. Rxg2 O-O 17. Nxe4 Nxe4 18. Qxd3 Nxd2+ 19. Qxd2 c5 20. f4 cxd4 21. Nxd4 d5 22. Rc1 dxc4 23. Rxc4 b5 24. Rc3 Bxd4 25. Qxd4 Qxd4 26. exd4 Rxf4+ 27. Rf2 Rxd4 28. Rc7 Rd5 29. Rff7 Rf5+ 30. Rxf5 gxf5 31. Kf2 a5 32. Rb7 b4 33. Kf3 Rc8 34. Kf4 Rc2 35. Kxf5 Rxa2 36. Kf6 Rf2+ 37. Kg5 Rf3 38. Rb5 Rxb3 39. Rxa5 Rf3 40. Rb5 b3 41. Kg4 Rc3 42. Kf4 Kg7 43. Ke4 Kg6 44. Kf4 h5 45. Rb6+ Kf7 46. Kg5 Rc5+ 47. Kh4 Rc3 48. Kxh5 Rg3 49. Kh4 Rd3 50. Kg4 Ke7 51. Kf4 Kd7 52. Ke4 Rh3 53. Kd4 Kc7 54. Rb5 Kc6 55. Rb8 Kc7 56. Rb5 Kc6 57. Rb8 Rg3 58. Kc4 Kc7 59. Rxb3 Rxb3 60. Kxb3 {Neither player has mating material} 1/2-1/2

[Event "FICS rated blitz game"]
[Site "FICS freechess.org"]
[FICSGamesDBGameNo "20000706"]
[White "arnakovitch"]
[Black "bloomer"]
[WhiteElo "1605"]
[BlackElo "1683"]
[WhiteRD "na"]
[BlackRD "na"]
[TimeControl "300+0"]
[Date "1999.05.25"]
[Time "16:06:00"]
[WhiteClock "0:05:00.000"]
[BlackClock "0:05:00.000"]
[ECO "A45"]
[PlyCount "92"]
[Result "0-1"]

1. d4 Nf6 2. Bg5 Ne4 3. Bh4 d5 4. e3 c5 5. c3 Qc7 6. Bd3 Bf5 7. Nf3 e6 8. O-O Nc6 9. Bxe4 dxe4 10. Bg3 Bd6 11. Bxd6 Qxd6 12. Nh4 O-O 13. Nxf5 exf5 14. dxc5 Qxc5 15. Qe2 Rfd8 16. Na3 Rd3 17. Rad1 Rad8 18. Rxd3 Rxd3 19. Rd1 Ne5 20. Nc2 Qd5 21. Nd4 g6 22. f4 Rxd1+ 23. Qxd1 Nd3 24. Qc2 Qxa2 25. h3 Qxb2 26. Qxb2 Nxb2 27. Nb5 a5 28. Nd6 a4 29. Nb5 Nc4 30. Nd4 a3 31. Kf2 a2 32. Nb3 Na5 33. Na1 Nc4 34. Ke2 Kg7 35. Nb3 Kh6 36. Na1 Kh5 37. g3 f6 38. Nb3 g5 39. Na1 b6 40. Nb3 Kg6 41. Na1 h5 42. Nb3 Kf7 43. Na1 Ke6 44. Nb3 Kd5 45. Na1 Na3 46. Nb3 Kc4 {White forfeits on time} 0-1

[Event "FICS rated blitz game"]
[Site "FICS freechess.org"]
[FICSGamesDBGameNo "20000705"]
[White "KingT"]
[Black "MrHell"]
[WhiteElo "1964"]
[BlackElo "1854"]
[WhiteRD "na"]
[BlackRD "na"]
[TimeControl "180+0"]
[Date "1999.05.25"]
[Time "12:44:00"]
[WhiteClock "0:03:00.000"]
[BlackClock "0:03:00.000"]
[ECO "A04"]
[PlyCount "91"]
[Result "1-0"]

1. Nf3 c5 2. g3 e6 3. Bg2 Nf6 4. O-O d5 5. c4 d4 6. b4 cxb4 7. Bb2 Nc6 8. a3 bxa3 9. Nxa3 e5 10. Qa4 Bd7 11. d3 Bd6 12. Nb5 Bb8 13. Ba3 a6 14. Nd6+ Bxd6 15. Bxd6 Ne7 16. Qa3 Nc8 17. Nxe5 Nxd6 18. Qxd6 Qe7 19. Qxe7+ Kxe7 20. Bxb7 Rab8 21. Bxa6 Rb2 22. Nxd7 Nxd7 23. Rfe1 Ra8 24. Kf1 Nc5 25. Bb5 Rxa1 26. Rxa1 Ke6 27. Re1 Nb3 28. Bc6 Nd2+ 29. Kg2 Nb3 30. Bd5+ Kf6 31. e3 Rd2 32. Be4 Nc5 33. exd4 Nxd3 34. Bxd3 Rxd3 35. Re4 Kf5 36. Rf4+ Ke6 37. d5+ Ke7 38. h4 Rc3 39. Kf1 f6 40. Ke2 Kd6 41. Kd2 Ra3 42. Rg4 Ra2+ 43. Kd3 Rxf2 44. Rxg7 Rf3+ 45. Kd4 Rf1 46. c5# {Black checkmated} 1-0

[Event "FICS rated standard game"]
[Site "FICS freechess.org"]
[FICSGamesDBGameNo "20000704"]
[White "Diegobr"]
[Black "Bruiser"]
[WhiteElo "1802"]
[BlackElo "1850"]
[WhiteRD "na"]
[BlackRD "na"]
[TimeControl "1200+0"]
[Date "1999.05.25"]
[Time "10:51:00"]
[WhiteClock "0:20:00.000"]
[BlackClock "0:20:00.000"]
[ECO "D46"]
[PlyCount "105"]
[Result "1-0"]

1. d4 d5 2. c4 e6 3. Nc3 Nf6 4. Nf3 Nbd7 5. e3 c6 6. Bd3 Bd6 7. e4 dxe4 8. Nxe4 Nxe4 9. Bxe4 Nf6 10. Bc2 Bb4+ 11. Bd2 Qa5 12. O-O Bxd2 13. Qxd2 Qxd2 14. Nxd2 b6 15. Ne4 Ke7 16. Rfd1 Bb7 17. c5 Nxe4 18. Bxe4 Rhd8 19. Rac1 Rac8 20. Rd3 Rd7 21. f4 b5 22. b4 Rcd8 23. Rcd1 Ra8 24. Ra3 a6 25. Kf2 Rad8 26. Ke3 h6 27. h4 f6 28. h5 e5 29. Rad3 exf4+ 30. Kxf4 Rc7 31. Rg3 Kf8 32. Ra3 Rcd7 33. Rad3 Rc7 34. g4 Bc8 35. d5 cxd5 36. Rxd5 Rxd5 37. Rxd5 Ke7 38. Rd6 Ra7 39. Bd5 Rc7 40. a3 Ra7 41. Be4 Rc7 42. Bf5 Bb7 43. Rb6 Kd8 44. Be4 Bc8 45. Rd6+ Ke7 46. Bf3 Rd7 47. Rxd7+ Kxd7 48. Kf5 Ke7+ 49. Kg6 Kf8 50. c6 Be6 51. c7 Bc8 52. Be4 Kg8 53. Bf5 {Black resigns} 1-0

[Event "FICS rated blitz game"]
[Site "FICS freechess.org"]
[FICSGamesDBGameNo "20000703"]
[White "TENORIO"]
[Black "SConst"]
[WhiteElo "1398"]
[BlackElo "1406"]
[WhiteRD "na"]
[BlackRD "na"]
[TimeControl "180+2"]
[Date "1999.05.25"]
[Time "10:33:00"]
[WhiteClock "0:03:00.000"]
[BlackClock "0:03:00.000"]
[ECO "C26"]
[PlyCount "44"]
[Result "0-1"]

1. e4 e5 2. Bc4 Nf6 3. Nc3 Bb4 4. d3 d6 5. a3 Ba5 6. b4 Bb6 7. a4 a6 8. a5 Ba7 9. Bg5 Nbd7 10. Nd5 h6 11. h4 hxg5 12. Nxf6+ Nxf6 13. Nf3 gxh4 14. Rxh4 Rxh4 15. Nxh4 Bg4 16. f3 Bd7 17. g4 d5 18. exd5 Nxd5 19. Nf5 Bxf5 20. gxf5 Qh4+ 21. Kd2 Be3+ 22. Ke2 Qf2# {White checkmated} 0-1

[Event "FICS rated blitz game"]
[Site "FICS freechess.org"]
[FICSGamesDBGameNo "20000702"]
[White "kjell"]
[Black "navier"]
[WhiteElo "1615"]
[BlackElo "1817"]
[WhiteRD "na"]
[BlackRD "na"]
[TimeControl "180+0"]
[Date "1999.05.25"]
[Time "07:56:00"]
[WhiteClock "0:03:00.000"]
[BlackClock "0:03:00.000"]
[ECO "C01"]
[PlyCount "103"]
[Result "1/2-1/2"]

1. e4 e6 2. Nf3 d5 3. exd5 exd5 4. d4 Bd6 5. Be2 Ne7 6. Bg5 f6 7. Bh4 Bf5 8. Nc3 c6 9. Nd2 O-O 10. Bg4 Qd7 11. Bxf5 Nxf5 12. Qg4 Re8+ 13. Ne2 Nxh4 14. Qxh4 Na6 15. c3 Qe6 16. Qh5 Nc7 17. Kf1 Qf7 18. Qxf7+ Kxf7 19. Nc1 Re7 20. Nd3 b6 21. Re1 Rae8 22. Rxe7+ Rxe7 23. h4 Ne6 24. g3 g6 25. Nf3 Ng7 26. g4 f5 27. Rg1 fxg4 28. Rxg4 Ke8 29. Ng5 Nf5 30. Nxh7 Rxh7 31. Rxg6 Kd7 32. Rf6 Nxh4 33. Nb4 Bxb4 34. cxb4 Rg7 35. Rf4 Ng2 36. Ke2 Nxf4+ 37. Kf3 Rf7 38. Ke3 Ne6 39. Ke2 Nxd4+ 40. Kf1 Nc2 41. a3 Kd6 42. Ke2 Ke5 43. Kf1 Nd4 44. Kg2 c5 45. f3 cxb4 46. axb4 Rxf3 47. b3 Rxb3 48. Kf2 Rxb4 49. Ke3 Rb3+ 50. Kd2 Ke4 51. Ke1 Rb2 52. Kd1 {Black ran out of time and White has no material to mate} 1/2-1/2

[Event "FICS rated blitz game"]
[Site "FICS freechess.org"]
[FICSGamesDBGameNo "20000701"]
[White "bepo"]
[Black "ncjspud"]
[WhiteElo "1524"]
[BlackElo "1668"]
[WhiteRD "na"]
[BlackRD "na"]
[TimeControl "300+0"]
[Date "1999.05.25"]
[Time "06:37:00"]
[WhiteClock "0:05:00.000"]
[BlackClock "0:05:00.000"]
[ECO "D50"]
[PlyCount "90"]
[Result "0-1"]

1. d4 d5 2. c4 e6 3. Nc3 Nf6 4. Bg5 c6 5. e3 h6 6. Bh4 Nbd7 7. Nf3 Be7 8. Be2 O-O 9. O-O dxc4 10. Bxc4 b5 11. Bd3 Bb7 12. Qc2 Rc8 13. a3 a6 14. Bg3 c5 15. dxc5 Nxc5 16. Be2 Nce4 17. Rfd1 Qb6 18. Rd3 Nxg3 19. hxg3 Be4 20. Rad1 Bxd3 21. Rxd3 Ne4 22. Nd4 Bf6 23. Bf3 Nxc3 24. bxc3 Rfe8 25. Qd2 Red8 26. Be4 Rxd4 27. exd4 Qd6 28. d5 exd5 29. Rxd5 Qxa3 30. Bf5 Rf8 31. Rd6 Qxc3 32. Qxc3 Bxc3 33. Rxa6 b4 34. Rb6 Rd8 35. Bc2 g6 36. Bb3 Kg7 37. Rb7 Rf8 38. Kh2 Kf6 39. Kh3 Ke5 40. Bxf7 Kd4 41. f3 Kc5 42. Bxg6 Rf6 43. Be4 Rb6 44. Rh7 b3 45. Rxh6 Rxh6+ {White resigns} 0-1

[Event "FICS rated blitz game"]
[Site "FICS freechess.org"]
[FICSGamesDBGameNo "20000700"]
[White "gndo"]
[Black "Jurevii"]
[WhiteElo "1463"]
[BlackElo "1397"]
[WhiteRD "na"]
[BlackRD "na"]
[TimeControl "120+12"]
[Date "1999.05.25"]
[Time "02:44:00"]
[WhiteClock "0:02:00.000"]
[BlackClock "0:02:00.000"]
[ECO "B20"]
[PlyCount "64"]
[Result "0-1"]

1. e4 c5 2. Bc4 g6 3. Nc3 Bg7 4. Nf3 a6 5. d4 cxd4 6. Nxd4 e6 7. b3 b5 8. Be2 Nf6 9. Bb2 Bb7 10. Bf3 Qb6 11. Nde2 Nxe4 12. Nxe4 Bxb2 13. Rb1 Be5 14. O-O O-O 15. Ng5 Bxf3 16. Nxf3 Bg7 17. h4 d5 18. g4 Nd7 19. h5 Nf6 20. hxg6 fxg6 21. g5 Ne4 22. Ng3 Nxg3 23. Qd3 Ne4 24. Rbe1 Rf4 25. c3 Raf8 26. Re3 Rg4+ 27. Kh2 Nxg5 28. Nxg5 Rxg5 29. Rfe1 Qd6+ 30. Kh3 Rh5+ 31. Kg2 Qh2+ 32. Kf1 Qxf2# {White checkmated} 0-1

[Event "FICS rated blitz game"]
[Site "FICS freechess.org"]
[FICSGamesDBGameNo "20000699"]
[White "MacroMike"]
[Black "YHWH"]
[WhiteElo "1556"]
[BlackElo "1407"]
[WhiteRD "na"]
[BlackRD "na"]
[TimeControl "120+12"]
[Date "1999.05.25"]
[Time "02:18:00"]
[WhiteClock "0:02:00.000"]
[BlackClock "0:02:00.000"]
[ECO "D20"]
[PlyCount "57"]
[Result "1-0"]

1. d4 d5 2. c4 dxc4 3. e4 e6 4. Bxc4 Nf6 5. Nc3 Be7 6. Nf3 Nc6 7. O-O O-O 8. Re1 Ne8 9. a3 Nd6 10. Ba2 a6 11. d5 exd5 12. exd5 Na7 13. Qe2 Re8 14. Be3 Nab5 15. Qd1 Bf6 16. Rc1 Bg4 17. h3 Bd7 18. a4 Nxc3 19. bxc3 Qc8 20. c4 Bxh3 21. gxh3 Qxh3 22. Bb1 Qg4+ 23. Kf1 Nxc4 24. Bxh7+ Kxh7 25. Ng5+ Qxg5 26. Bxg5 Bxg5 27. Qh5+ Bh6 28. Rxc4 g6 29. Qh3 {Black resigns} 1-0

[Event "FICS rated blitz game"]
[Site "FICS freechess.org"]
[FICSGamesDBGameNo "20000698"]
[White "djedo"]
[Black "Calx"]
[WhiteElo "1477"]
[BlackElo "1522"]
[WhiteRD "na"]
[BlackRD "na"]
[TimeControl "180+0"]
[Date "1999.05.24"]
[Time "21:59:00"]
[WhiteClock "0:03:00.000"]
[BlackClock "0:03:00.000"]
[ECO "B07"]
[PlyCount "94"]
[Result "0-1"]

1. e4 d6 2. f4 Nc6 3. Nf3 Bg4 4. Bb5 a6 5. Bxc6+ bxc6 6. O-O Nf6 7. Nc3 e5 8. f5 Be7 9. d3 a5 10. Bg5 a4 11. h3 Bxf3 12. Qxf3 a3 13. b3 d5 14. Bxf6 Bxf6 15. exd5 cxd5 16. Qxd5 Qxd5 17. Nxd5 Kd7 18. Nxf6+ gxf6 19. Rfd1 c5 20. Kf2 Rhg8 21. Kf3 Rg5 22. g4 Rag8 23. Rg1 Kc6 24. h4 R5g7 25. h5 Rd8 26. Rae1 Rd4 27. Re4 Kd5 28. Ke3 h6 29. c3 Rxe4+ 30. dxe4+ Kc6 31. Kf3 Rg8 32. Rd1 Rb8 33. c4 Rb7 34. Rd5 Rb8 35. Ke3 Rb7 36. Rd8 Rd7 37. Rh8 Rd1 38. Rxh6 Ra1 39. Rxf6+ Kb7 40. Rxf7+ Kb6 41. h6 Rxa2 42. h7 Rh2 43. g5 a2 44. g6 a1=Q 45. g7 Qe1+ 46. Kd3 Rd2+ 47. Kc3 Qe3# {White checkmated} 0-1